Map: Zen LE

Players

antagomiR

  • Race: Protoss Protoss
  • League: Gold
  • Spawn Location: 1:00

Lelouch - Winner!

  • Race: Terran Terran
  • League: Silver
  • Spawn Location: 7:00

VOD

Have the link to the VOD?

Description

Time

  • Played on: April 13, 2020, 5:29 p.m.
  • Length: 22:18
Show
View Real Time Build Order
Export as new Build Order

antagomiR Protoss 

Build Orders: Archon Immortal 

Get SALT Encoding   

  12  0:01  Probe  
  13  0:13  Probe  
  14  0:20  Pylon  
  14  0:26  Probe  
  15  0:40  Gateway  
  15  0:43  Probe (Chrono Boost)  
  16  0:55  Probe (Chrono Boost)  
  17  1:00  Probe (Chrono Boost)  
  18  1:04  Assimilator  
  18  1:11  Probe  
  19  1:24  Probe  
  20  1:31  Assimilator, Cybernetics Core  
  20  1:42  Probe  
  21  1:47  Nexus  
  21  1:55  Pylon  
  21  1:57  Probe  
  22  2:09  Probe  
  22  2:12  Warp Gate (Chrono Boost)  
  22  2:15  Adept (Chrono Boost)  
  22  2:21  Probe  
  25  2:33  Probe  
  26  2:37  Stalker  
  26  2:44  Robotics Facility  
  28  2:45  Probe  
  27  3:15  Sentry  
  27  3:19  Probe x2  
  31  3:30  Gateway x2  
  31  3:31  Probe  
  31  3:32  Observer  
  33  3:42  Probe  
  33  3:43  Probe  
  35  3:50  Pylon  
  35  3:53  Observer  
  35  3:54  Probe  
  35  3:55  Probe  
  38  4:06  Probe  
  38  4:07  Probe  
  40  4:14  Immortal  
  40  4:15  Assimilator  
  44  4:18  Probe  
  44  4:20  Assimilator  
  45  4:30  Probe x2  
  47  4:31  Sentry x2  
  51  4:42  Probe  
  51  4:43  Probe  
  53  4:54  Probe  
  53  4:55  Nexus  
  53  4:57  Pylon  
  54  5:04  Pylon  
  54  5:15  Probe x2  
  54  5:16  Pylon  
  60  5:21  Immortal  
  60  5:27  Probe x2, Phoenix  
  62  5:37  Twilight Council  
  62  5:39  Probe x2  
  64  5:46  Shield Battery  
  64  5:51  Probe x2  
  66  6:00  Immortal  
  66  6:03  Probe x2  
  72  6:06  Stalker x2  
  76  6:20  Probe x3  
  76  6:21  Assimilator  
  79  6:29  Forge  
  79  6:32  Probe x3  
  82  6:40  Zealot x2  
  82  6:41  Zealot  
  82  6:44  Probe x2  
  82  6:45  Probe  
  91  6:48  Gateway  
  91  6:49  Gateway  
  91  7:02  Zealot  
  91  7:03  Gateway  
  93  7:10  Pylon  
  93  7:14  Protoss Ground Weapons Level 1 (Chrono Boost)  
  93  7:21  Pylon  
  93  7:23  Charge (Chrono Boost)  
  93  7:27  Templar Archives  
  93  7:28  Probe x3  
  96  7:34  Gateway x2  
  96  7:35  Gateway  
  96  7:39  Pylon  
  96  7:41  Probe x3  
  96  7:42  Zealot  
  96  7:43  Zealot x2  
  105  7:53  Probe x3  
  105  7:56  Pylon, Assimilator  
  108  8:01  Observer  
  108  8:05  Probe  
  110  8:06  Zealot  
  110  8:07  Zealot x2  
  110  8:10  Probe  
  117  8:14  Probe  
  117  8:17  Probe  
  117  8:18  Pylon  
  119  8:22  Probe, Pylon  
  119  8:25  High Templar x2  
  124  8:43  Immortal  
  124  8:47  Archon  
  124  8:48  High Templar x3  
  130  8:49  High Templar x3  
  130  8:50  Phoenix  
  130  8:52  Archon x2  
  130  8:53  Archon  
  140  9:05  Pylon  
  140  9:06  Pylon  
  140  9:09  Pylon  
  140  9:10  Pylon  
  140  9:20  Nexus  
  140  9:21  Pylon  
  140  9:23  Immortal  
  144  9:24  Pylon  
  144  9:44  High Templar x2  
  144  9:45  High Templar x5  
  154  9:46  High Templar x2  
  154  9:48  Archon  
  154  9:49  Archon x2  
  154  9:50  Archon  
  162  9:59  Shield Battery  
  162  10:00  Shield Battery  
  162  10:02  Photon Cannon  
  162  10:03  Immortal  
  162  10:04  Photon Cannon  
  166  10:08  Photon Cannon x2  
  166  10:13  Photon Cannon  
  166  10:15  Photon Cannon  
  166  10:21  Photon Cannon  
  166  10:22  Zealot x5  
  166  10:23  Zealot x2  
  166  10:24  Photon Cannon, Zealot x2  
  166  10:26  Photon Cannon  
  184  10:30  Photon Cannon  
  184  10:33  Photon Cannon  
  184  10:42  High Templar  
  184  10:43  High Templar x5  
  184  10:47  Archon x3  
  196  10:52  High Templar  
  196  10:53  Zealot  
  196  10:57  Archon  
  200  11:34  Observer  
  200  11:43  Pylon  
  200  11:53  Pylon  
  172  12:28  Zealot x4  
  172  12:29  Zealot x5  
  99  12:49  High Templar x2  
  99  12:50  High Templar x4  
  99  12:51  High Templar x3  
  117  13:05  Stargate  
  117  13:06  Stargate  
  117  13:07  Archon x2  
  117  13:08  Archon x2  
  117  13:12  Assimilator  
  117  13:16  Assimilator  
  117  13:22  Sentry x2  
  117  13:23  Sentry x2  
  125  13:38  Pylon  
  125  13:39  Zealot x4  
  125  13:40  Zealot  
  77  14:15  High Templar x4  
  77  14:16  High Templar  
  85  14:18  Zealot x3  
  85  14:19  Zealot  
  92  14:35  Immortal (Chrono Boost)  
  92  14:36  Archon x2  
  96  14:41  Protoss Ground Weapons Level 2 (Chrono Boost)  
  96  14:54  Fleet Beacon  
  96  15:07  Immortal, Nexus  
  96  15:09  Pylon  
  96  15:11  Pylon  
  96  15:12  Stalker x3  
  96  15:13  Sentry x2  
  110  15:14  Zealot x2  
  110  15:15  Zealot  
  116  15:37  High Templar x3  
  116  15:38  High Templar  
  116  15:40  Stalker x2  
  116  15:42  Zealot x3  
  134  15:46  Immortal  
  134  15:47  Archon x2  
  138  15:58  Tempest  
  138  15:59  Tempest  
  148  16:05  Photon Cannon  
  148  16:07  Photon Cannon  
  148  16:09  Shield Battery  
  148  16:10  Shield Battery  
  148  16:14  Photon Cannon  
  148  16:15  High Templar  
  148  16:16  High Templar  
  152  16:18  Assimilator  
  152  16:20  Zealot x5  
  152  16:21  Zealot x2  
  152  16:22  Assimilator  
  152  16:23  Archon  
  166  16:43  Sentry x3  
  166  16:45  Zealot  
  166  16:46  High Templar  
  176  16:47  High Templar  
  176  16:51  Archon  
  178  16:59  Zealot x2  
  178  17:00  Zealot  
  184  17:04  Tempest x2  
  194  17:09  Zealot x3  
  194  17:31  Stalker x3  
  194  17:32  Protoss Ground Weapons Level 3 (Chrono Boost)  
  89  19:08  High Templar x2  
  93  19:10  High Templar x2  
  93  19:11  High Templar  
  93  19:12  High Templar x2  
  93  19:14  High Templar x2  
  93  19:15  Archon  
  93  19:16  Archon x2  
  93  19:17  Tempest x2  
  117  19:27  Archon  
  115  19:48  Zealot x4  
  115  19:49  Zealot  
  78  20:21  Zealot x2  
  78  20:22  Zealot x4  
  78  20:23  Zealot x3  
  49  20:50  Stargate x2  
  49  21:26  Gateway x2  
  49  21:32  Gateway  
  49  21:33  Gateway  
  49  21:34  Gateway  
  49  21:42  Gateway  
  49  21:43  Gateway  
  49  21:45  Gateway  
  49  21:49  Gateway  
Show
View Real Time Build Order
Export as new Build Order

Lelouch Terran - Winner!

Build Orders:  

Get SALT Encoding   

  12  0:01  SCV  
  13  0:13  SCV  
  14  0:18  Supply Depot  
  14  0:26  SCV  
  15  0:39  SCV  
  15  0:42  Barracks  
  16  0:51  SCV  
  16  0:53  Refinery  
  17  0:59  Refinery  
  17  1:03  SCV  
  18  1:16  SCV  
  19  1:28  SCV  
  19  1:30  Supply Depot  
  20  1:33  Reaper  
  21  1:55  SCV  
  22  2:07  SCV  
  23  2:12  Factory  
  23  2:19  SCV  
  24  2:29  Barracks Tech Lab  
  24  2:36  Command Center  
  24  2:37  Barracks  
  24  2:40  SCV  
  25  2:52  SCV  
  26  3:04  SCV  
  28  3:20  Marauder  
  28  3:28  Barracks  
  28  3:32  Factory Tech Lab, Orbital Command  
  30  3:41  Marauder  
  30  3:43  Barracks Reactor  
  30  3:48  Engineering Bay  
  30  3:51  Barracks  
  30  3:53  Siege Tank  
  33  4:00  Orbital Command  
  33  4:14  Bunker  
  33  4:21  Bunker  
  33  4:24  Barracks Reactor  
  33  4:32  SCV  
  33  4:35  SCV  
  35  4:41  Barracks Reactor  
  35  4:44  SCV, Terran Infantry Armor Level 1  
  36  4:52  Supply Depot  
  36  4:56  SCV  
  36  4:58  Marine x2  
  39  5:08  SCV  
  39  5:09  Stimpack  
  39  5:10  Marine x3  
  43  5:15  Marine  
  43  5:16  Marine, Supply Depot  
  43  5:17  Supply Depot  
  43  5:20  SCV  
  46  5:27  Marine  
  50  5:29  Siege Tank  
  50  5:39  Refinery  
  50  5:40  Supply Depot  
  50  5:42  SCV, Refinery  
  51  5:46  SCV  
  52  5:54  SCV  
  53  5:58  SCV  
  53  6:03  Marine x5  
  53  6:04  Marine x2  
  60  6:05  Siege Tank  
  60  6:06  SCV  
  65  6:18  SCV, Engineering Bay  
  66  6:25  Armory  
  66  6:30  SCV  
  66  6:32  Supply Depot  
  67  6:48  Combat Shield  
  67  6:53  SCV  
  68  6:55  Supply Depot  
  68  6:56  Terran Infantry Weapons Level 1  
  68  7:00  Neosteel Armor  
  68  7:02  Marine x5  
  68  7:03  Marine x2  
  68  7:05  SCV  
  76  7:14  Supply Depot  
  76  7:17  SCV  
  76  7:19  Supply Depot  
  77  7:29  SCV  
  78  7:36  Supply Depot  
  78  7:41  SCV  
  78  7:42  Supply Depot  
  79  7:50  Sensor Tower  
  79  7:54  Marine x6  
  86  7:59  Marauder  
  87  8:07  Concussive Shells  
  87  8:11  Marine, Starport  
  87  8:12  Marine x2  
  90  8:14  Starport  
  90  8:20  Marauder  
  90  8:21  Terran Vehicle And Ship Armor Level 1  
  90  8:26  Siege Tank  
  95  8:34  SCV  
  96  8:42  Marauder  
  96  8:46  SCV  
  96  8:48  Sensor Tower  
  99  8:53  Terran Infantry Weapons Level 2  
  99  8:54  Terran Infantry Armor Level 2  
  99  8:56  Starport Reactor  
  99  8:59  Starport Reactor  
  99  9:03  Marauder  
  99  9:07  Missile Turret  
  101  9:18  Siege Tank  
  104  9:26  Marine x4, Marauder  
  104  9:27  Marine x2  
  104  9:29  Missile Turret  
  112  9:33  Supply Depot  
  112  9:44  Marine x6, Medivac  
  112  9:45  Medivac  
  122  9:47  Marauder  
  122  9:50  Medivac  
  126  9:53  Missile Turret  
  126  9:55  Medivac  
  126  9:57  Supply Depot  
  128  10:02  Marine x4  
  128  10:06  Supply Depot  
  132  10:20  Supply Depot  
  132  10:30  Supply Depot  
  132  10:38  Barracks Reactor  
  132  10:43  Supply Depot  
  132  10:53  Supply Depot  
  132  10:57  Missile Turret, Widow Mine x2  
  132  11:01  Raven  
  138  11:08  Supply Depot  
  138  11:10  Terran Infantry Weapons Level 3  
  138  11:11  Terran Infantry Armor Level 3  
  138  11:15  Supply Depot  
  138  11:18  Missile Turret  
  138  11:19  Terran Vehicle And Ship Armor Level 2  
  138  11:22  Widow Mine x2  
  138  11:24  Medivac x2  
  146  11:31  Supply Depot  
  146  11:44  Raven  
  148  11:54  Medivac x2  
  98  13:02  Command Center  
  98  13:09  Command Center  
  98  13:25  Refinery  
  98  13:27  Refinery  
  98  13:37  Marine x5  
  98  13:38  Marine x3  
  106  13:55  Marine x7  
  110  13:56  Marine  
  107  14:13  Marine x8  
  115  14:30  Marine  
  115  14:31  Marine  
  117  14:32  Medivac  
  117  14:33  Medivac x2  
  117  14:38  Marine x6  
  129  14:48  Marine x2  
  131  14:56  Marine x2  
  133  15:00  Orbital Command  
  133  15:02  Medivac x2  
  137  15:21  Marine x4  
  137  15:22  Marine x4  
  145  15:33  Orbital Command  
  145  15:39  Marine x6  
  145  15:40  Marine x2, Hi-Sec Auto Tracking  
  145  15:42  Terran Vehicle And Ship Armor Level 3  
  153  15:47  Starport, Orbital Command  
  153  15:51  Starport  
  153  15:57  Marine x5  
  158  16:07  Starport  
  158  16:14  Starport  
  158  16:21  Marine x4  
  158  16:22  Marine x4  
  166  16:26  Fusion Core  
  166  16:28  Medivac x2  
  170  16:38  Orbital Command  
  170  16:39  Marine x6  
  174  16:40  Marine x2  
  178  16:57  Marine x6  
  184  17:28  Refinery  
  184  17:31  Refinery  
  184  17:40  SCV  
  185  17:53  SCV  
  185  17:54  Armory  
  185  17:57  Starport Tech Lab x3  
  185  17:58  Starport Tech Lab  
  186  18:00  Viking  
  186  18:01  Viking  
  186  18:05  SCV  
  191  18:14  Weapon Refit  
  191  18:17  SCV  
  192  18:23  Battlecruiser  
  198  18:29  SCV  
  171  20:52  Battlecruiser x4  
Tags
 
Composition
Archon Immortal
Matchup
PvT
Replay Pack
20200422
Spawn Locations
Cross Positions
Add a new tag
Caveats
  • Supply blocks, unpowered buildings, or Contaminate may cause inaccurate times.
  • Supply counts are checked every 10 seconds.